 Dungeon Crawl Stone Soup version 0.29.0-7-g18a832c13a (webtiles) character file.

Game seed: 8670391548110254407

10217 sanka the Grappler (level 11, -1/109 HPs)
             Began as a Troll Cinder Acolyte on Aug 31, 2022.
             Was a Believer of Okawaru.
             Shot with an arrow by Nessos (16 damage)
             ... on level 12 of the Dungeon.
             The game lasted 00:16:15 (9025 turns).

sanka the Grappler (Troll Cinder Acolyte)           Turns: 9025, Time: 00:16:15

Health: -1/109     AC:  9    Str: 24    XL:     11   Next: 33%
Magic:  11/13      EV: 12    Int: 10    God:    Okawaru [**....]
Gold:   669        SH:  5    Dex:  9    Spells: 12/12 levels left

rFire   . . .      SeeInvis .     - Unarmed
rCold   x . .      Faith    .   (no shield)
rNeg    . . .      Spirit   .   a - +0 robe
rPois   .          Reflect  +   (helmet restricted)
rElec   .          Harm     .   n - +0 cloak
rCorr   .          Rampage  .   (gloves unavailable)
Will    .....                   (boots unavailable)
Stlth   +++.......              i - amulet of reflection
HPRegen 1.08/turn               c - ring of fire
MPRegen 0.13/turn               l - +4 ring of protection

@: lethally poisoned (-1 -> -13), heroic, fire susceptible
A: large, unfitting armour, claws 3, regeneration 1, shaggy fur 1, tough skin 1
a: Renounce Religion, Heroism


You were on level 12 of the Dungeon.
You worshipped Okawaru.
Okawaru was pleased with you.
You visited 2 branches of the dungeon, and saw 13 of its levels.

You collected 669 gold pieces.


Innate Abilities, Weirdness & Mutations

You are too large for most types of armour.
You have claws for hands.
Your natural rate of healing is unusually fast.
You are covered in fur. (AC +1)
You have tough skin. (AC +1)


   Skills:
 * Level 7.6(12.6) Fighting
 - Level 5.0(10.0) Dodging
 + Level 14.0(19.0) Unarmed Combat
 - Level 1.0 Spellcasting
 - Level 2.1 Fire Magic
 - Level 4.0 Invocations


You had 12 spell levels left.
You didn't know any spells.
Your spell library contained the following spells:

 Spells                   Type           Power      Damage    Failure   Level
 Scorch                   Fire           14%        2d6       22%         2
 Freeze                   Ice            0%         1d3       34%         1
 Sublimation of Blood     Necr           0%         N/A       45%         2
 Wereblood                Tmut           0%         N/A       45%         2
 Frozen Ramparts          Ice            0%         1d1       71%         3
 Hailstorm                Conj/Ice       0%         3d3       98%         4
 Ice Form                 Ice/Tmut       0%         N/A       98%         4
 Simulacrum               Ice/Necr       Unusable   N/A       N/A         6
 Malign Gateway           Summ/Tloc      Unusable   N/A       N/A         7
 Summon Hydra             Summ           Unusable   N/A       N/A         7
 Summon Horrible Things   Summ           Unusable   N/A       N/A         8

Inventory:

Hand Weapons
 b - a +3 scimitar of flaming
 m - the +14 obsidian axe {vorpal, Mesm Drain Fly SInv}

   It inflicts extra damage upon your enemies.
   It occasionally summons demons to assist the wielder when it strikes in
   combat.
   Its wielder is mesmerised by any visible foes.
   It cannot be unequipped while any foes are visible.
   SInv:      It lets you see invisible.
   Fly:       It grants you flight.
   Drain:     It drains your maximum health when unequipped.
Missiles
 D - 3 curare-tipped darts {=f}
 E - a large rock (quivered) {=f}
Armour
 a - a +0 robe (worn)
 n - a +0 cloak (worn)
Magical Staves
 y - a staff of cold
Jewellery
 c - a ring of fire (left claw)
 h - an amulet of regeneration
 i - an amulet of reflection (around neck)
 l - a +4 ring of protection (right claw)
 q - a +6 ring of dexterity
Wands
 k - a wand of acid (19)
 s - a wand of iceblast (2)
Scrolls
 d - a scroll of fog
 e - 3 scrolls of fear
 f - 2 scrolls of vulnerability {!r}
 j - a scroll of acquirement
 p - 2 scrolls of amnesia
 r - 5 scrolls of teleportation {@r4}
 u - 2 scrolls of magic mapping
 w - 2 scrolls of torment {!r}
 x - a scroll of noise {!r}
 B - 10 scrolls of enchant armour
 H - a scroll of identify {@r1}
Potions
 g - 3 potions of flight
 o - a potion of lignification {unknown}
 t - 7 potions of curing {@q1}
 v - 4 potions of mutation {!q}
 z - 3 potions of heal wounds {@q2}
 A - a potion of brilliance {unknown}
 C - a potion of berserk rage {unknown}
 F - a potion of haste {unknown}
 G - 2 potions of cancellation

Dungeon Overview and Level Annotations

Branches:
Dungeon (13/15)            Temple (1/1) D:4            Lair (0/5) D:8
    Orc: D:9-12      Vaults: D:13-14

Altars:
Ashenzari
Cheibriados
Dithmenos
Elyvilon
Fedhas
Gozag
Hepliaklqana
Kikubaaqudgha
Makhleb
Nemelex Xobeh
Okawaru
Qazlal
Ru
Sif Muna
Trog
Uskayaw
Vehumet
Wu Jian
Xom
Yredelemnul
Zin
The Shining One

Shops:
D:1 (   D:2 :   D:6 (   D:8 (   D:9 :

Annotations:
D:12 Nessos

▒▒▒▒▒▒▒▒▒
........▒
........▒▒▒▒▒
............▒
........▒▒▒.▒▒▒
..(.....).....▒
..c...)>▒▒▒.▒.▒
........▒ ▒T▒.▒
.....(..)...▒.▒
....(...▒▒▒!▒.▒
..▒▒▒.▒▒▒ ▒.▒.▒
. ▒. ▒c▒.▒ ▒.
▒.▒.▒ ▒. ▒.▒.▒
▒.▒.▒ ...


You could see Nessos (fast).


Message History

Aiming: Iceblast
Aim: Nessos, wielding a +1 longbow of flaming, wearing a +0 barding and wearing an amulet of faith (fast)
The mass of ice explodes!
The iceblast engulfs Nessos!
Nessos is lightly wounded.
You feel extremely sick.
Nessos shoots an arrow.
The arrow hits you!!
* * * LOW HITPOINT WARNING * * *
The arrow burns you!
You are more poisoned.
* * * LOW HITPOINT WARNING * * *
Nessos intently looks at you, slowly moving their tail.
Nessos shoots an arrow.
The arrow hits you!
* * * LOW HITPOINT WARNING * * *
The arrow burns you.
You are more poisoned.
* * * LOW HITPOINT WARNING * * *
Unknown command.
Nessos shoots an arrow.
The arrow hits you!
* * * LOW HITPOINT WARNING * * *
The arrow burns you!
You are poisoned.
* * * LOW HITPOINT WARNING * * *
Nessos says, "Even if you were a mare, I'd kill you!"
Nessos shoots an arrow.
The arrow hits you!
You die...

Action                   |  1- 3 |  4- 6 |  7- 9 | 10-12 || total
-------------------------+-------+-------+-------+-------++-------
Melee: Unarmed           |   113 |   159 |   211 |   240 ||   723
       Punch             |     2 |     4 |     6 |    16 ||    28
Throw: Dart              |       |       |       |     1 ||     1
       Large rock        |       |       |       |     3 ||     3
Invok: Fiery Armour      |       |     2 |     1 |     1 ||     4
       Foxfire Swarm     |       |       |       |     1 ||     1
       Heroism           |       |       |       |     3 ||     3
Evoke: Wand              |       |       |       |     4 ||     4
  Use: Scroll            |       |       |    11 |     8 ||    19
       Potion            |       |       |       |     1 ||     1
 Stab: Sleeping          |       |     2 |     2 |       ||     4
Armor: Robe              |    46 |    60 |    59 |    90 ||   255
Dodge: Dodged            |    48 |    53 |    63 |   114 ||   278
Block: Other             |       |       |    10 |    53 ||    63
       Reflection        |       |       |     1 |     4 ||     5

Levels and vault maps discovered:
D:1:      lemuel_arrival_rhombus, layout_rooms, serial_shops,
          nicolae_shop_behind_doors
D:2:      layout_basic, serial_forest, infiniplex_forest_straight_5,
          infiniplex_forest_lined_3, infiniplex_forest_lined_2,
          infiniplex_forest_lined_4_way, infiniplex_forest_pool,
          infiniplex_forest_straight_1, infiniplex_forest_corner_1,
          infiniplex_forest_clump_diagonal, dilly_ecumenical_altar_fadedgnrine,
          serial_shops, nicolae_shop_stone, minmay_cupped
D:3:      wad_river_or_something, layout_basic, mainiacjoe_overflow_alcove_1,
          old_standard_altar, uniq_ijyb, uniq_crazy_yiuf_cottage
D:4:      layout_basic, lemuel_doored_altar, minmay_temple_entry_trees,
          minmay_parallelograms, uniq_edmund
D:5:      layout_loops_corners, mainiacjoe_overflow_paths
D:6:      layout_loops_cross, serial_shops, nicolae_shop_bloodbath_and_beyond,
          kennysheep_generic_room_14
D:7:      layout_basic, nicolae_elyvilon_temple_path,
          nicolae_tso_besieged_by_evil, serial_curves, eino_curves_03,
          eino_curves_04, minmay_misc_feat_cross, uniq_pikel
D:8:      layout_rooms, lair_entry_dummy, serial_shops, nicolae_square_shop,
          grunt_ministairs_3, uniq_erica
D:9:      layout_grid_maze, mainiacjoe_overflow_alcove_2, serial_shops, shop,
          minmay_mirror_moons_of_madness
D:10:     layout_layer_cave
D:12:     layout_loops_ring, uniq_frances, uniq_sonja, uniq_nessos
D:13:     layout_long_grid, ximxim_vaults_locker_room, nzn_life_drinkers
Temple:   nicolae_temple_superstar

Notes
Turn   | Place    | Note
-------+----------+-------------------------------------------
     0 | D:1      | sanka the Troll Cinder Acolyte began the quest for the Orb.
     0 | D:1      | Reached XP level 1. HP: 22/22 MP: 1/1
   164 | D:1      | Reached XP level 2. HP: 26/29 MP: 2/2
   214 | D:1      | Found Kicho's Antique Weapon Boutique.
   434 | D:2      | Reached skill level 4 in Unarmed Combat
   439 | D:2      | Reached XP level 3. HP: 36/36 MP: 3/3
   484 | D:2      | Found Askeomips's Book Shop.
   651 | D:2      | Found a faded altar of an unknown god.
   899 | D:2      | Reached XP level 4. HP: 44/44 MP: 4/4
   906 | D:2      | Reached skill level 5 in Unarmed Combat
  1665 | D:3      | Noticed Ijyb
  1674 | D:3      | Killed Ijyb
  1732 | D:3      | Found a runed translucent door.
  1733 | D:3      | Noticed Crazy Yiuf
  1904 | D:3      | Found a shadowy altar of Dithmenos.
  1942 | D:3      | Found a shimmering altar of Xom.
  1968 | D:3      | Reached XP level 5. HP: 50/50 MP: 5/5
  2257 | D:3      | Killed Crazy Yiuf
  2258 | D:3      | Reached skill level 6 in Unarmed Combat
  2296 | D:4      | Found a staircase to the Ecumenical Temple.
  2499 | D:4      | Identified the +4 ring mail of Venoumuff {Harm}
  2561 | D:4      | Reached XP level 6. HP: 41/59 MP: 6/6
  2572 | D:4      | Reached skill level 7 in Unarmed Combat
  2873 | D:4      | Found an ancient bone altar of Kikubaaqudgha.
  3007 | D:4      | Noticed Edmund
  3018 | D:4      | Killed Edmund
  3200 | Temple   | Entered the Ecumenical Temple
  3362 | D:5      | Entered Level 5 of the Dungeon
  3401 | D:5      | Reached skill level 8 in Unarmed Combat
  3401 | D:5      | Reached XP level 7. HP: 66/66 MP: 7/7
  3599 | D:5      | Reached skill level 9 in Unarmed Combat
  4034 | D:5      | Found a glowing silver altar of Zin.
  4354 | D:6      | Reached XP level 8. HP: 54/74 MP: 8/8
  4584 | D:6      | Found Kun Zim's Weapon Emporium.
  4610 | D:6      | Reached skill level 10 in Unarmed Combat
  5086 | D:7      | Reached skill level 11 in Unarmed Combat
  5099 | D:7      | Found a white marble altar of Elyvilon.
  5147 | D:7      | Found a glowing golden altar of the Shining One.
  5365 | D:7      | Reached skill level 12 in Unarmed Combat
  5630 | D:7      | Noticed Pikel
  5649 | D:7      | Killed Pikel
  5650 | D:7      | Reached skill level 3 in Fighting
  5650 | D:7      | Reached XP level 9. HP: 74/83 MP: 9/9
  5964 | D:8      | Noticed Erica
  5975 | D:8      | Reached skill level 1 in Dodging
  5975 | D:8      | Reached skill level 1 in Invocations
  5988 | D:8      | Killed Erica
  5989 | D:8      | Reached skill level 4 in Fighting
  5989 | D:8      | Reached skill level 2 in Dodging
  5989 | D:8      | Reached skill level 2 in Invocations
  6014 | D:8      | Identified a scroll of acquirement
  6113 | D:8      | Found Pipaonuc's Weapon Boutique.
  6339 | D:8      | Reached skill level 3 in Invocations
  6341 | D:8      | Reached XP level 10. HP: 77/94 MP: 11/11
  6396 | D:8      | Found a staircase to the Lair.
  6584 | D:9      | Identified the +4 scale mail of Filigreed Freedom {Fly rF-
                  | rC+++ Str+4}
  6639 | D:9      | Found a sacrificial altar of Ru.
  6698 | D:9      | Reached skill level 3 in Dodging
  6726 | D:9      | Reached skill level 5 in Fighting
  6726 | D:9      | Reached skill level 13 in Unarmed Combat
  6925 | D:9      | Noticed a tengu warrior
  6930 | D:9      | Found the +14 obsidian axe {vorpal, Mesm Drain Fly SInv}
  6977 | D:9      | Reached skill level 4 in Invocations
  7026 | D:9      | Reached skill level 4 in Dodging
  7267 | D:9      | Found Mecel's Book Shop.
  7513 | D:9      | Killed a tengu warrior
  7514 | D:9      | Reached skill level 6 in Fighting
  7673 | Temple   | Fell from the grace of Ignis
  7673 | Temple   | Became a worshipper of Warmaster Okawaru
  7804 | D:10     | Entered Level 10 of the Dungeon
  7860 | D:10     | Noticed a two-headed ogre
  7868 | D:10     | Killed a two-headed ogre
  8160 | D:10     | Reached XP level 11. HP: 107/107 MP: 13/13
  8203 | D:10     | Reached skill level 5 in Dodging
  8204 | D:10     | Reached * piety under Okawaru
  8439 | D:10     | Reached skill level 7 in Fighting
  8834 | D:13     | Noticed a vampire mage
  8846 | D:13     | Noticed a seven-headed hydra
  8851 | D:13     | Noticed a centaur warrior
  8943 | D:12     | Noticed Sonja
  8944 | D:12     | Noticed a two-headed ogre
  8951 | D:12     | Killed a two-headed ogre
  8951 | D:12     | Reached ** piety under Okawaru
  8957 | D:12     | Killed Sonja
  8958 | D:12     | Reached skill level 14 in Unarmed Combat
  8974 | D:12     | Noticed Nessos
  9025 | D:12     | Shot with an arrow by Nessos

Vanquished Creatures
  2 two-headed ogres
  Erica (D:8)
  A tengu warrior (D:9)
  Sonja (D:12)
  Pikel (D:7)
  2 trolls
  A hornet (D:9)
  2 wyverns
  8 fire elementals (D:10)
  14 yaks
  Edmund (D:4)
  A vampire mosquito (D:9)
  3 orc warriors
  A sky beast (D:7)
  An ice beast (D:7)
  5 ogres
  2 centaurs
  5 kobold brigands
  5 bullfrogs
  2 scorpions
  11 wights
  8 killer bees
  2 howler monkeys (D:10)
  An electric eel (D:7)
  3 jellies
  A quasit (D:7)
  3 orc priests
  4 hounds
  5 iguanas
  Ijyb (D:3)
  Crazy Yiuf (D:3)
  6 orc wizards
  11 adders
  A shadow imp (D:6)
  A worm (D:4)
  2 dart slugs (D:3)
  17 orcs
  5 endoplasms
  5 giant cockroaches
  9 goblins
  5 hobgoblins
  34 kobolds
  3 quokkas
  6 ball pythons
  11 bats
  8 frilled lizards
  A goblin skeleton (D:7)
  2 goblin zombies (D:7)
  2 hobgoblin zombies (D:7)
  A kobold skeleton (D:7)
  4 orc zombies (D:7)
  5 rats
238 creatures vanquished.

Vanquished Creatures (others)
  17 foxfires (D:9)
  4 plants
21 creatures vanquished.

Grand Total: 259 creatures vanquished
